MLB
LOS ANGELES DODGERS @ SAN FRANCISCO GIANTS
09/20/2048
 
TOP OF THE 1ST
Los Angeles Dodgers batting - Pitching for San Francisco Giants : LHP Chong-yeol Wong
Pitching: LHP Chong-yeol Wong
Batting: RHB Tim Nettles 0-0: Called Strike
0-1: Called Strike
0-2: Strikes out swinging
Batting: SHB Shane Marcum 0-0: Called Strike
0-1: Foul Ball, location: 2F
0-2: Ball
1-2: Strikes out looking
Batting: LHB Lirak Bazhunaishvili 0-0: Called Strike
0-1: Called Strike
0-2: Strikes out swinging
Top of the 1st over - 0 runs, 0 hits, 0 errors, 0 left on base; Los Angeles 0 - San Francisco 0
BOTTOM OF THE 1ST
San Francisco Giants batting - Pitching for Los Angeles Dodgers : RHP Gyu-hyun Kim
Pitching: RHP Gyu-hyun Kim
Batting: LHB Andy Bowman 0-0: Ball
1-0: Ball
2-0: Fly out, F5 (Line Drive, 5L, EV 68.1 MPH)
Batting: SHB Ryan Doss 0-0: Ball
1-0: Called Strike
1-1: Foul Ball, location: 2F
1-2: Ball
2-2: Strikes out swinging
Batting: RHB Sean Zielinski 0-0: Ball
1-0: Foul Ball, location: 2F
1-1: Called Strike
1-2: Foul Ball, location: 2F
1-2: Strikes out swinging
Bottom of the 1st over - 0 runs, 0 hits, 0 errors, 0 left on base; Los Angeles 0 - San Francisco 0
TOP OF THE 2ND
Los Angeles Dodgers batting - Pitching for San Francisco Giants : LHP Chong-yeol Wong
Batting: RHB Clay Buchanan 0-0: SINGLE (Groundball, 4D, EV 98.1 MPH)
Batting: RHB Danny Dyer 0-0: Ball
Clay Buchanan steals 2nd base (no throw)
1-0: Called Strike
1-1: Ball
2-1: Ball
3-1: Foul Ball, location: 2F
3-2: Strikes out looking
Batting: RHB Ben Mischnick 0-0: Ball
1-0: Foul Ball, location: 2F
1-1: Swinging Strike
1-2: Ground out 2-3 (Groundball, 2L, EV 68.1 MPH)
Clay Buchanan to third
Batting: RHB Tsutomu Irie 0-0: Ball
1-0: Swinging Strike
1-1: Called Strike
1-2: Foul Ball, location: 2F
1-2: Ball
2-2: Ground out U3 (Groundball, 34, EV 99.4 MPH)
Top of the 2nd over - 0 runs, 1 hit, 0 errors, 1 left on base; Los Angeles 0 - San Francisco 0
BOTTOM OF THE 2ND
San Francisco Giants batting - Pitching for Los Angeles Dodgers : RHP Gyu-hyun Kim
Batting: LHB Jack Henningar 0-0: Ball
1-0: Ball
2-0: Foul Ball, location: 2F
2-1: Ground out 5-3 (Groundball, 56S, EV 66.9 MPH)
Batting: RHB Nick Rigden 0-0: Ball
1-0: Ball
2-0: Called Strike
2-1: Foul Ball, location: 2F
2-2: Strikes out swinging
Batting: LHB Carey Horncole 0-0: Foul Ball, location: 2F
0-1: Foul Ball, location: 2F
0-2: Fly out, F9 (Flyball, 9S, EV 85.6 MPH)
Bottom of the 2nd over - 0 runs, 0 hits, 0 errors, 0 left on base; Los Angeles 0 - San Francisco 0
TOP OF THE 3RD
Los Angeles Dodgers batting - Pitching for San Francisco Giants : LHP Chong-yeol Wong
Batting: RHB John Piccolo 0-0: Ball
1-0: Swinging Strike
1-1: Swinging Strike
1-2: Foul Ball, location: 2F
1-2: Ball
2-2: Ground out 4-3 (Groundball, 4, EV 101.9 MPH)
Batting: LHB Stephen Van Raalte 0-0: Ball
1-0: Called Strike
1-1: Ball
2-1: Swinging Strike
2-2: Ground out 6-3 (Groundball, 6M, EV 78.1 MPH)
Batting: RHB Tim Nettles 0-0: Ball
1-0: Swinging Strike
1-1: Ball
2-1: Ground out 6-3 (Groundball, 6, EV 96.9 MPH)
Top of the 3rd over - 0 runs, 0 hits, 0 errors, 0 left on base; Los Angeles 0 - San Francisco 0
BOTTOM OF THE 3RD
San Francisco Giants batting - Pitching for Los Angeles Dodgers : RHP Gyu-hyun Kim
Batting: RHB Lucan Esini 0-0: Ball
1-0: Ball
2-0: SINGLE (Line Drive, 4MD, EV 93.8 MPH)
Batting: LHB Luis Magdaleno 0-0: Ball
1-0: Grounds into double play, 5-4-3 (Groundball, 5L, EV 79.4 MPH)
Batting: RHB John Creel 0-0: Ball
1-0: Called Strike
1-1: Called Strike
1-2: SOLO HOME RUN (Flyball, 78XD, EV 105.6 MPH), Distance : 411 ft
Batting: LHB Andy Bowman 0-0: Ball
1-0: Ball
2-0: Swinging Strike
2-1: Foul Ball, location: 2F
2-2: Foul Ball, location: 2F
2-2: Foul Ball, location: 2F
2-2: Ground out 5-3 (Groundball, 56S, EV 76.9 MPH)
Bottom of the 3rd over - 1 run, 2 hits, 0 errors, 0 left on base; Los Angeles 0 - San Francisco 1
TOP OF THE 4TH
Los Angeles Dodgers batting - Pitching for San Francisco Giants : LHP Chong-yeol Wong
Batting: SHB Shane Marcum 0-0: Swinging Strike
0-1: Swinging Strike
0-2: Ball
1-2: Ball
2-2: DOUBLE (Line Drive, 9LM, EV 94.4 MPH)
Batting: LHB Lirak Bazhunaishvili 0-0: Ground out 6-3 (Groundball, 6, EV 81.9 MPH)
Shane Marcum to third
Batting: RHB Clay Buchanan 0-0: Foul Ball, location: 2F
0-1: Ball
1-1: Ball
2-1: Ball
3-1: Foul Ball, location: 2F
3-2: Strikes out swinging
Batting: RHB Danny Dyer 0-0: Ball
1-0: Ground out 6-3 (Groundball, 6, EV 83.1 MPH)
Top of the 4th over - 0 runs, 1 hit, 0 errors, 1 left on base; Los Angeles 0 - San Francisco 1
BOTTOM OF THE 4TH
San Francisco Giants batting - Pitching for Los Angeles Dodgers : RHP Gyu-hyun Kim
Batting: SHB Ryan Doss 0-0: Ball
1-0: Called Strike
1-1: Ball
2-1: Ground out 6-3 (Groundball, 4M, EV 90.6 MPH)
Batting: RHB Sean Zielinski 0-0: Ball
1-0: Ball
2-0: Ground out 6-3 (Groundball, 56D, EV 105.6 MPH)
Batting: LHB Jack Henningar 0-0: Ball
1-0: Ball
2-0: Called Strike
2-1: Ball
3-1: Ground out 4-3 (Groundball, 4, EV 85.6 MPH)
Bottom of the 4th over - 0 runs, 0 hits, 0 errors, 0 left on base; Los Angeles 0 - San Francisco 1
TOP OF THE 5TH
Los Angeles Dodgers batting - Pitching for San Francisco Giants : LHP Chong-yeol Wong
Batting: RHB Ben Mischnick 0-0: Ground out U3 (Groundball, 3, EV 105.0 MPH)
Batting: RHB Tsutomu Irie 0-0: Ground out 5-3 (Groundball, 56, EV 107.5 MPH)
Batting: RHB John Piccolo 0-0: Foul Ball, location: 2F
0-1: Ball
1-1: Foul Ball, location: 2F
1-2: Strikes out swinging
Top of the 5th over - 0 runs, 0 hits, 0 errors, 0 left on base; Los Angeles 0 - San Francisco 1
BOTTOM OF THE 5TH
San Francisco Giants batting - Pitching for Los Angeles Dodgers : RHP Gyu-hyun Kim
Batting: RHB Nick Rigden 0-0: Ball
1-0: Foul Ball, location: 2F
1-1: DOUBLE (Line Drive, 5D, EV 96.9 MPH)
Batting: LHB Carey Horncole 0-0: Ball
1-0: Foul Ball, location: 2F
1-1: Foul Ball, location: 2F
1-2: Ball
2-2: Foul Ball, location: 2F
2-2: Ball
3-2: Base on Balls
Batting: RHB Lucan Esini 0-0: Called Strike
0-1: Ball
1-1: Sac Bunt to 23 - play at first, batter safe!
Nick Rigden to third
Carey Horncole to second
Batting: LHB Luis Magdaleno 0-0: Ball
1-0: Fielders Choice at 2nd, 3-6 (Groundball, 34, EV 104.4 MPH)
Nick Rigden scores
Carey Horncole to third
Batting: RHB John Creel 0-0: Called Strike
0-1: Swinging Strike
0-2: Ball
1-2: Foul Ball, location: 2F
1-2: Strikes out looking
Batting: LHB Andy Bowman 0-0: Ball
1-0: Swinging Strike
1-1: Ground out U3 (Groundball, 3, EV 105.0 MPH)
Bottom of the 5th over - 1 run, 2 hits, 0 errors, 2 left on base; Los Angeles 0 - San Francisco 2
TOP OF THE 6TH
Los Angeles Dodgers batting - Pitching for San Francisco Giants : LHP Chong-yeol Wong
Batting: LHB Stephen Van Raalte 0-0: Ball
1-0: Foul Ball, location: 2F
1-1: Foul Ball, location: 2F
1-2: Strikes out swinging
Batting: RHB Tim Nettles 0-0: Called Strike
0-1: Ball
1-1: Ball
2-1: Foul Ball, location: 2F
2-2: Ball
3-2: Base on Balls
Batting: SHB Shane Marcum 0-0: Called Strike
0-1: Called Strike
0-2: Ball
1-2: Ball
2-2: Strikes out looking
Batting: LHB Lirak Bazhunaishvili 0-0: Ball
1-0: Foul Ball, location: 2F
1-1: SINGLE (Line Drive, 9S, EV 86.9 MPH)
Tim Nettles to second
Runner from 2nd tries for 3rd, SAFE, throw by RF made to third
Batting: RHB Clay Buchanan 0-0: Swinging Strike
0-1: Called Strike
0-2: Strikes out looking
Top of the 6th over - 0 runs, 1 hit, 0 errors, 2 left on base; Los Angeles 0 - San Francisco 2
BOTTOM OF THE 6TH
San Francisco Giants batting - Pitching for Los Angeles Dodgers : RHP Gyu-hyun Kim
Batting: SHB Ryan Doss 0-0: Ball
1-0: Ball
2-0: Called Strike
2-1: Fly out, F7 (Flyball, 7, EV 78.8 MPH)
Batting: RHB Sean Zielinski 0-0: Called Strike
0-1: Ball
1-1: Swinging Strike
1-2: Ball
2-2: Ball
3-2: Base on Balls
Batting: LHB Jack Henningar 0-0: Ball
1-0: Fly out, F9 (Line Drive, 89M, EV 101.9 MPH)
Pitching: RHP Nate Allen
Batting: RHB Nick Rigden 0-0: Called Strike
0-1: Ball
1-1: Ball
Sean Zielinski steals 2nd base
2-1: Called Strike
2-2: Ball
Wild Pitch!
Sean Zielinski to third
3-2: Fly out, F7 (Flyball, 7D, EV 80.0 MPH)
Bottom of the 6th over - 0 runs, 0 hits, 0 errors, 1 left on base; Los Angeles 0 - San Francisco 2
TOP OF THE 7TH
Los Angeles Dodgers batting - Pitching for San Francisco Giants : LHP Chong-yeol Wong
Batting: RHB Danny Dyer 0-0: Swinging Strike
0-1: Fly out, F9 (Line Drive, 9D, EV 96.2 MPH)
Batting: RHB Ben Mischnick 0-0: Ball
1-0: Ball
2-0: Fly out, F8 (Flyball, 89D, EV 96.9 MPH)
Batting: RHB Tsutomu Irie 0-0: Ball
1-0: Ground out 6-3 (Groundball, 6, EV 84.4 MPH)
Top of the 7th over - 0 runs, 0 hits, 0 errors, 0 left on base; Los Angeles 0 - San Francisco 2
BOTTOM OF THE 7TH
San Francisco Giants batting - Pitching for Los Angeles Dodgers : RHP Nate Allen
Batting: LHB Carey Horncole 0-0: Called Strike
0-1: Called Strike
0-2: Ground out 4-3 (Groundball, 4, EV 100.0 MPH)
Batting: RHB Lucan Esini 0-0: Swinging Strike
0-1: Fly out, F9 (Flyball, 9, EV 70.0 MPH)
Batting: LHB Luis Magdaleno 0-0: Ball
1-0: Ground out 4-3 (Groundball, 4, EV 103.1 MPH)
Bottom of the 7th over - 0 runs, 0 hits, 0 errors, 0 left on base; Los Angeles 0 - San Francisco 2
TOP OF THE 8TH
Los Angeles Dodgers batting - Pitching for San Francisco Giants : LHP Chong-yeol Wong
Pitching: RHP Filip Nebylitsin
Batting: RHB John Piccolo 0-0: Ball
1-0: Swinging Strike
1-1: Ball
2-1: Ball
3-1: Base on Balls
Batting: LHB Stephen Van Raalte 0-0: Called Strike
0-1: Ball
1-1: SINGLE (Groundball, 4MD, EV 96.2 MPH)
John Piccolo to second
Pinch Runner at 2nd Leonardo Nava:
Pinch Hitting: LHB Juan Concepcion 0-0: Ball
1-0: Sac Bunt to 5S - play at first, batter safe!
Leonardo Nava to third
Stephen Van Raalte to second
Pitching: LHP Caleb Mullinax
Batting: SHB Shane Marcum 0-0: Called Strike
0-1: Ball
1-1: Foul Ball, location: 2F
1-2: Strikes out swinging
Batting: LHB Lirak Bazhunaishvili 0-0: Ball
1-0: Foul Ball, location: 2F
1-1: Foul Ball, location: 2F
1-2: Grounds into double play, 3-2-3 (Groundball, 34, EV 83.8 MPH)
Top of the 8th over - 0 runs, 2 hits, 0 errors, 2 left on base; Los Angeles 0 - San Francisco 2
BOTTOM OF THE 8TH
San Francisco Giants batting - Pitching for Los Angeles Dodgers : RHP Nate Allen
Now in CF: Lirak Bazhunaishvili
Now in RF: Juan Concepcion
Batting: RHB John Creel 0-0: Ball
1-0: Called Strike
1-1: Ground out 1-3 (Groundball, 23, EV 66.2 MPH)
Batting: LHB Andy Bowman 0-0: Ball
1-0: Called Strike
1-1: Ground out 4-3 (Groundball, 13, EV 83.8 MPH)
Batting: SHB Ryan Doss 0-0: Ball
1-0: Ball
2-0: Ball
3-0: Base on Balls
Batting: RHB Sean Zielinski 0-0: Ball
1-0: Called Strike
1-1: Swinging Strike
1-2: 2-RUN HOME RUN (Line Drive, 7LD, EV 103.8 MPH), Distance : 370 ft
Batting: LHB Jack Henningar 0-0: Called Strike
0-1: Ball
1-1: Called Strike
1-2: Ball
2-2: Ball
3-2: Ground out 6-3 (Groundball, 4M, EV 98.8 MPH)
Bottom of the 8th over - 2 runs, 1 hit, 0 errors, 0 left on base; Los Angeles 0 - San Francisco 4
TOP OF THE 9TH
Los Angeles Dodgers batting - Pitching for San Francisco Giants : LHP Caleb Mullinax
Pitching: RHP Tim Welshman
Batting: RHB Clay Buchanan 0-0: Ball
1-0: Foul Ball, location: 2F
1-1: Ground out 6-3 (Groundball, 6, EV 86.2 MPH)
Batting: RHB Danny Dyer 0-0: Called Strike
0-1: DOUBLE (Line Drive, 89M, EV 96.2 MPH)
Batting: RHB Ben Mischnick 0-0: Ball
1-0: Foul Ball, location: 2F
1-1: Ground out 4-3 (Groundball, 4M, EV 83.8 MPH)
Danny Dyer to third
Batting: RHB Tsutomu Irie 0-0: Called Strike
0-1: Ball
1-1: Foul Ball, location: 2F
1-2: Ball
2-2: Strikes out swinging
Top of the 9th over - 0 runs, 1 hit, 0 errors, 1 left on base; Los Angeles 0 - San Francisco 4
Tuesday, March 28th , 2023 - OOTP Baseball 23.10 Build 110